 Dungeon Crawl Stone Soup version 0.27.0-1-g7a089689b8 (webtiles) character file.

Game seed: 16997973882409810534

7 SnakkuSnakku7 the Sneak (level 1, -2/13 HPs)
             Began as a Vampire Hedge Wizard on Aug 12, 2021.
             Frozen to death by an endoplasm (5 damage)
             ... on level 1 of the Dungeon.
             The game lasted 00:00:39 (228 turns).

SnakkuSnakku7 the Sneak (Vampire Hedge Wizard)       Turns: 228, Time: 00:00:39

Health: -2/13      AC:  2    Str:  9    XL:     1   Next: 83%
Magic:  4/4        EV: 12    Int: 16    God:
Gold:   7          SH:  0    Dex: 13    Spells: 5/6 levels left

rFire    . . .     SeeInvis +   a - +0 dagger
rCold    . . .     Faith    .   (no shield)
rNeg     . . .     Spirit   .   b - +0 robe
rPois    .         Reflect  .   c - +0 hat
rElec    .         Harm     .   (no cloak)
rCorr    .         Rampage  .   (no gloves)
Will     .....                  (no boots)
Stlth    +++.......             (no amulet)
HPRegen  0.24/turn              (no ring)
MPRegen  0.09/turn              (no ring)

@: healing quickly
A: alive, fangs 3, see invisible, vampiric 1
a: Exsanguinate


You were on level 1 of the Dungeon.
You visited 1 branch of the dungeon, and saw 1 of its levels.

You collected 7 gold pieces.

Inventory:

Hand Weapons
 a - a +0 dagger (weapon)
Armour
 b - a +0 robe (worn)
 c - a +0 hat (worn)
 g - a +0 buckler
Scrolls
 e - a scroll of amnesia {unknown}
Potions
 d - a potion of haste {unknown}
 f - a potion of might {unknown}


   Skills:
 - Level 2.1 Dodging
 + Level 4.1 Stealth
 + Level 0.0 Shields
 - Level 3.0 Spellcasting
 - Level 0.6 Conjurations
 - Level 1.0 Summonings
 - Level 0.7 Translocations


You had 5 spell levels left.
You knew the following spells:

 Your Spells              Type           Power      Damage    Failure   Level
a - Magic Dart            Conj           16%        1d3       14%         1

Your spell library contained the following spells:

 Spells                   Type           Power      Damage    Failure   Level
 Call Imp                 Summ           5%         N/A       19%         2
 Blink                    Tloc           N/A        N/A       22%         2
 Slow                     Hex            2%         N/A       28%         2
 Conjure Flame            Conj/Fire      3%         6-21      45%         3
 Mephitic Cloud           Conj/Pois/Air  3%         N/A       45%         3


Dungeon Overview and Level Annotations

Branches:
Dungeon (1/15)

Altars:


Innate Abilities, Weirdness & Mutations

Your natural rate of healing is accelerated.
You have razor-sharp teeth.
You have supernaturally acute eyesight. (SInv)
You are afflicted with vampirism.


Message History

You hit the goblin.
The goblin is almost dead.
The goblin closely misses you.
You closely miss the goblin. Your bite misses the goblin.
The goblin is almost dead.
The goblin hits you with a +0 club.
* * * LOW HITPOINT WARNING * * *
You closely miss the goblin.
The goblin is almost dead.
The goblin misses you.
You barely miss the goblin.
The goblin is almost dead.
The goblin hits you but does no damage.
You hit the goblin but do no damage.
The goblin is almost dead.
The goblin closely misses you.
You hit the goblin.
You kill the goblin!
Your Stealth skill increases to level 4!
Things that are here:
a +0 club; a goblin corpse You see here a +0 buckler.
g - a +0 buckler Setting a skill training target for Shields at 4.0.
Found a brown potion.
An endoplasm is nearby!
An endoplasm is nearby!
The endoplasm quivers.
The endoplasm completely misses you.
You barely miss the endoplasm. Your bite misses the endoplasm.
The endoplasm hits you but does no damage.
You completely miss the endoplasm. The endoplasm freezes you.
You are frozen.
You barely miss the endoplasm. The endoplasm hits you.
* * * LOW HITPOINT WARNING * * *
You hit the endoplasm but do no damage. The endoplasm freezes you.
You are frozen.
You die...

######...#### # #...# #
#...# ###### #...#
#....# #####...####.#..#
#.............#.##
................#
#.............#.########
#.####...####.#.@.......
# #...# #....J......
#...# #.###.#..##. #...#
#.. .. .# #...# ### .##
.! .# .. .# . ..


You could see an endoplasm.

Vanquished Creatures
  2 ball pythons (D:1)
  A bat (D:1)
  A giant cockroach (D:1)
  A goblin (D:1)
5 creatures vanquished.

Notes
Turn   | Place    | Note
-------+----------+-------------------------------------------
     0 | D:1      | SnakkuSnakku7 the Vampire Hedge Wizard began the quest for
                  | the Orb.
     0 | D:1      | Reached XP level 1. HP: 13/13 MP: 4/4
   192 | D:1      | Reached skill level 4 in Stealth
   228 | D:1      | Frozen to death by an endoplasm

Illustrated notes

Levels and vault maps discovered:
D:1:      minmay_arrival_shattered_statue, layout_loops_cross,
          minmay_misc_feat_four_crosses, kennysheep_minor_cross

Skill      XL: |  1 |
---------------+----+-----
Stealth        | 4 |  4.1
Dodging        | |  2.1
Spellcasting   | |  3.0
Conjurations   | |  0.6
Summonings     | |  1.0
Translocations | |  0.7

Action                   || total
-------------------------++-------
Melee: Dagger            ||    53
       Bite              ||     5
Armor: Robe              ||    22
Dodge: Dodged            ||    46
